Cogmind - Beta 10.2 @@@ ROGUE MODE // 2020.12.30 @ 22:56:00 Player: SureStep Result: Destroyed by L-31 Rogue with Katana Performance ------------- Evolutions (1) 500 Regions Visited (2) 400 Robots Destroyed (85) 425 Value Destroyed (2421) 2421 Prototype IDs (9) 180 Alien Tech Used (0) 0 Bonus (604) 604 TOTAL SCORE: 4530 Bonus ------- High Alert Combat Kills 604 Cogmind --------- Core Integrity 0/400 Matter 428/500 Energy 5/100 System Corruption 2% Temperature Cool (9) Movement Rolling (100) Ox1 Location -9/Materials Parts ------- > --- POWER (1) -------- (None) > --- PROPULSION (3) --- Armored Wheel > --- UTILITY (3) ------ Medium Storage Unit High-capacity Matter Pod Field Recycling Unit > --- WEAPON (2) ------- (None) > --- INVENTORY (8) ---- Armored Wheel Armored Wheel Armor Integrity Analyzer Assault Cannon Assault Cannon Assault Cannon Flak Cannon Flak Cannon Peak State ------------ > --- POWER ------------ Light Nuclear Core > --- PROPULSION ------- Armored Wheel Armored Wheel Armored Wheel > --- UTILITY ---------- Medium Storage Unit High-capacity Matter Pod Field Recycling Unit > --- WEAPON ----------- Assault Cannon Flak Cannon > --- INVENTORY -------- Armored Wheel Armored Wheel Armor Integrity Analyzer Assault Cannon Assault Cannon Assault Cannon Flak Cannon Mini Grenade Launcher [Rating: 21] Favorites ----------- Power Ion Engine Engine Ion Engine Power Core Light Nuclear Core Propulsion Armored Wheel Wheel Armored Wheel Utility High-capacity Matter Pod Device Shield Generator Storage High-capacity Matter Pod Weapon Improved Light Cannon Energy Gun Medium Laser Ballistic Cannon Improved Light Cannon Launcher Mini Grenade Launcher Build | -11 -10 -9 ------- Run | Scr Mat Mat Slots Evolved 2 | . . 2 Power . | . . . Propulsion 1 | . . 1 Utility 1 | . . 1 Weapon . | . . . Parts Attached 38 | 6 14 18 Power 7 | 1 2 4 Engine 6 | 1 2 3 Core 1 | . . 1 Reactor . | . . . Propulsion 9 | 2 3 4 Treads . | . . . Leg . | . . . Wheel 9 | 2 3 4 Hover . | . . . Flight . | . . . Utility 9 | 1 6 2 Device 5 | . 3 2 Storage 4 | 1 3 . Processor . | . . . Hackware . | . . . Protection . | . . . Artifact . | . . . Weapon 13 | 2 3 8 Energy Gun 3 | 2 . 1 Energy Cannon . | . . . Ballistic Gun . | . . . Ballistic Cannon 9 | . 3 6 Launcher 1 | . . 1 Special Weapon . | . . . Impact Weapon . | . . . Slashing Weapon . | . . . Piercing Weapon . | . . . Special Melee Weapon . | . . . Unidentified Prototypes 1 | . . 1 Parts Lost 10 | . 4 6 Power 2 | . 1 1 Propulsion 3 | . 1 2 Utility 1 | . . 1 Weapon 4 | . 2 2 Highest Loss Streak 4 | . 4 3 Average Slot Usage (%) 98 | . 97 98 Engine 11 | . 13 9 Wheel 30 | . 26 33 Device 7 | . 4 10 Storage 22 | . 23 22 Energy Gun 1 | . 4 . Ballistic Cannon 22 | . 22 21 Naked Turns . | . . . Heaviest Build 36 | 13 25 36 Greatest Support 36 | 32 32 36 Greatest Overweight (x) 4 | . 4 . Average Overweight (x) . | . . . Largest Inventory Capacity 8 | 6 8 8 Average Capacity 7 | 5 6 8 Most Carried 8 | 4 8 8 Average Carried 6 | 1 5 7 Final Capacity 8 | 6 8 8 Final Carried 8 | 2 8 8 Class Distribution -------------------- 100% | Mutant Dominant Class ---------------- Mutant | -10/Materials Mutant | -9/Materials Resources | -11 -10 -9 ----------- Run | Scr Mat Mat Matter Collected 2316 | 260 646 1410 Remotely . | . . . Salvage Created 2362 | 68 646 1648 Parts 153 | 2 35 116 Haulers Intercepted 8 | . 2 6 Recyclers Shooed 3 | . 1 2 Parts Field Recycled . | . . . Retrieved Matter . | . . . Parts Self-Destructed . | . . . Prevented . | . . . Kills | -11 -10 -9 ------- Run | Scr Mat Mat Combat Hostiles Destroyed 59 | . 14 45 Guns 6 | . 6 . Cannons 51 | . 8 43 AOE 2 | . . 2 Classes Destroyed 12 | 1 5 6 Worker 4 | . 2 2 Builder 3 | . . 3 Hauler 8 | . 2 6 Recycler 2 | 1 1 . Operator 1 | . . 1 Watcher 8 | . 3 5 Swarmer 3 | . 3 . Grunt 42 | . 11 31 Brawler 2 | . . 2 Duelist 3 | . . 3 Protector 1 | . . 1 Sentry 8 | . . 8 Best Kill Streak 7 | 1 6 7 Combat Bots Only 6 | . 5 6 Max Kills in Single Turn 3 | 1 1 3 Gunslinging . | . . . Exploded 1 | . . 1 Melee . | . . . Uniques/NPCs Destroyed . | . . . Combat | -11 -10 -9 -------- Run | Scr Mat Mat Damage Taken 2429 | . 540 1889 Core 533 | . 125 408 Absorbed by Shields 420 | . 37 383 Core Remaining (%) 75 | 100 50 . Volleys Fired 217 | 2 78 137 Largest 2 | 2 2 2 Hottest 100 | 100 100 88 Shots Fired 411 | 4 147 260 Gun 45 | 4 41 . Cannon 363 | . 106 257 Launcher 3 | . . 3 Special . | . . . Kinetic 363 | . 106 257 Thermal 45 | 4 41 . Explosive 3 | . . 3 Electromagnetic . | . . . Robot Hit Streak 10 | 4 7 10 Robot Miss Streak 9 | . 9 5 Penetration Max . | . . . Secondary Targets . | . . . Shots Hit Robots 221 | 4 61 156 Core Hits 134 | 2 30 102 Critical Hits 3 | . . 3 Critical Kills 1 | . . 1 Critical Parts Destroyed 2 | . . 2 Melee Attacks . | . . . Impact . | . . . Slashing . | . . . Piercing . | . . . Sneak Attacks . | . . . Combat Hostiles . | . . . Follow-up Attacks . | . . . Damage Inflicted 5097 | 49 1045 4003 Guns 336 | 49 287 . Cannons 4478 | . 758 3720 Explosions 283 | . . 283 Melee . | . . . Ramming . | . . . Kinetic 4478 | . 758 3720 Thermal 336 | 49 287 . Explosive 283 | . . 283 Electromagnetic . | . . . Impact . | . . . Slashing . | . . . Piercing . | . . . Highest Corruption 2 | . . 2 Average Corruption 1 | . . 1 Corruption Purged . | . . . Effects 18 | . . 18 Message Errors 4 | . . 4 Heat Flow Errors 2 | . . 2 Energy Discharges 4 | . . 4 Data Loss (minor) 3 | . . 3 Targeting Errors 5 | . . 5 Overload Shots . | . . . Overflow Damage 31 | . 23 8 Projectiles 31 | . 23 8 Explosions . | . . . Melee . | . . . Knockbacks 29 | . 5 24 Impact . | . . . Kinetic 26 | . 5 21 Secondary 3 | . . 3 Self-Inflicted Damage 32 | . . 32 Shots 1 | . . 1 Rammed . | . . . Targets Rammed . | . . . Kicked . | . . . Crushed . | . . . Highest Temperature 351 | 98 315 351 Average Temperature 64 | 54 77 58 Received Heat Transfer 1067 | . 263 804 Effects 2 | . 2 . Energy Bleed 2 | . 2 . Siege Activations . | . . . Robots Corrupted . | . . . Combat Hostiles . | . . . Parts Fried . | . . . Impact Corruptions . | . . . Robots Melted . | . . . Combat Hostiles . | . . . Parts Melted 5 | 1 4 . Heat Transferred 999 | 148 851 . Parts Sabotaged . | . . . Parts Stolen . | . . . Parts Stripped . | . . . Power Chain Reactions . | . . . Missiles Intercepted . | . . . Alert | -11 -10 -9 ------- Run | Scr Mat Mat Peak Influence 1223 | 5 460 1223 Initial 149 | . 3 149 Average 446 | . 226 618 Maximum Alert Level 4 | . 2 4 Low Security (%) 23 | 100 47 4 Level 1 28 | . 37 22 Level 2 27 | . 15 36 Level 3 13 | . . 23 Level 4 7 | . . 12 Level 5 . | . . . High Security . | . . . Max Security . | . . . Squads Dispatched 17 | . 4 13 Investigation 10 | . 3 7 Extermination . | . . . Reinforcement 2 | . 1 1 Assault 5 | . . 5 Garrison . | . . . Intercept . | . . . Construction Impeded . | . . . Haulers Reinforced . | . . . Stealth | -11 -10 -9 --------- Run | Scr Mat Mat Distress Signals 5 | . 2 3 Communications Jammed . | . . . Distress Signals . | . . . Times Spotted 107 | . 21 86 Peak Tracking Total 10 | . 6 10 Tactical Retreats 8 | . 1 7 Traps | -11 -10 -9 ------- Run | Scr Mat Mat Traps Triggered 2 | . 1 1 Indirectly . | . . . Trap Hack Attempts . | . . . Triggered . | . . . Disarmed . | . . . Reprogrammed 2 | . . 2 Reused . | . . . Traps Extracted . | . . . Installed . | . . . Triggered . | . . . Machines | -11 -10 -9 ---------- Run | Scr Mat Mat Machines Disabled 7 | . 5 2 Max in Single Turn 1 | . 1 1 Machines Sabotaged . | . . . Garrisons Compromised . | . . . Overloaded Fab Kills . | . . . Fab Network Shutdowns . | . . . Hacking | -11 -10 -9 --------- Run | Scr Mat Mat Machines Accessed 17 | . 6 11 Terminals 12 | . 5 7 Fabricators . | . . . Repair Stations 3 | . 1 2 Recycling Units . | . . . Scanalyzers 2 | . . 2 Garrison Access . | . . . Total Hacks 63 | . 24 39 Successful 40 | . 11 29 Failed 23 | . 13 10 Catastrophic 3 | . 3 . Database Lockouts . | . . . Manual . | . . . Terminals 40 | . 17 23 Fabricators . | . . . Repair Stations 13 | . 7 6 Recycling Units . | . . . Scanalyzers 10 | . . 10 Garrison Access . | . . . Terminal Hacks 18 | . 5 13 Prototype ID Bank 4 | . 3 1 Emergency Access Points 1 | . . 1 Locate Traps 3 | . . 3 Reprogram Traps 1 | . . 1 Surveillance Status 1 | . . 1 Transport Status 1 | . . 1 Investigation Status 2 | . 1 1 Registered Components 2 | . 1 1 Zone Layout 3 | . . 3 Fabricator Hacks . | . . . Repair Station Hacks 12 | . 6 6 Scan Component 7 | . 3 4 Repair 5 | . 3 2 Recycling Unit Hacks . | . . . Scanalyzer 10 | . . 10 Insert Component 5 | . . 5 Analyze 5 | . . 5 Garrison Access Hacks . | . . . Unauthorized Hacks . | . . . Terminals . | . . . Fabricators . | . . . Repair Stations . | . . . Recycling Units . | . . . Scanalyzers . | . . . Garrison Access . | . . . Data Cores Recovered . | . . . Used . | . . . Hacking Detections 16 | . 6 10 Full Trace Events 11 | . 3 8 Feedback Events 2 | . . 2 Corruption 2 | . . 2 Feedback Blocked . | . . . Robot Schematics Acquired . | . . . Robots Built . | . . . Matter . | . . . Time . | . . . Total Robot Build Rating . | . . . Part Schematics Acquired 4 | . . 4 Parts Built . | . . . Matter . | . . . Time . | . . . Total Part Build Rating . | . . . Parts Repaired 5 | . 3 2 Time 166 | . 102 64 Parts Recycled . | . . . Recycled Matter . | . . . Retrieved Matter . | . . . Retrieved Components . | . . . Parts Scanalyzed 5 | . . 5 Part Schematics Acquired 4 | . . 4 Parts Damaged 2 | . . 2 Bothacking | -11 -10 -9 ------------ Run | Scr Mat Mat Used RIF Installer . | . . . Robots Hacked . | . . . Non-combat . | . . . Combat . | . . . Robot Hacks Applied . | . . . Relay Couplers Released . | . . . Robots Rewired . | . . . Allies Hacked . | . . . Hacks Repelled . | . . . Allies | -11 -10 -9 -------- Run | Scr Mat Mat Total Allies . | . . . Largest Group . | . . . Highest-Rated Group . | . . . Highest-Rated Ally . | . . . Total Orders . | . . . Ally Attacks . | . . . Total Damage . | . . . Kills . | . . . Allies Corrupted . | . . . Allies Melted . | . . . Intel | -11 -10 -9 ------- Run | Scr Mat Mat Robot Analysis Total . | . . . Derelict Logs Recovered . | . . . Drone Launches . | . . . Drone Recoveries . | . . . Exploration | -11 -10 -9 ------------- Run | Scr Mat Mat Turns Passed 3677 | 66 1507 2104 Spaces Moved 2699 | 44 1103 1552 Core 18 | 4 14 . Treads . | . . . Legs . | . . . Wheels 2681 | 40 1089 1552 Hover . | . . . Flight . | . . . Fastest Speed 50 | 50 90 90 Average Speed 92 | 95 94 90 Slowest Speed 250 | 100 250 90 Overloaded Moves . | . . . Propulsion Burnouts . | . . . Robots Hopped . | . . . Cave-ins Triggered . | . . . Exploration Rate (%) 65 | 3 98 94 Regions Visited 2 Branch Regions . Pre-discovered Areas . | . . . Known Exits Taken . | . . . Unknown Exits Taken 2 | 1 1 . Scrap Searched . | . . . Spaces Dug . | . . . Terrain Destroyed 34 | . 3 31 Melee . | . . . Projectile 13 | . 3 10 AOE 21 | . . 21 Terrain Rammed . | . . . Walls Destroyed . | . . . Machines Disabled . | . . . Actions | -11 -10 -9 --------- Run | Scr Mat Mat Total 3501 | 64 1422 2015 Wait 445 | 5 191 249 Move 2697 | 43 1102 1552 Hop . | . . . Pick Up 61 | 8 24 29 Fast Attach . | . . . Attach 36 | 6 12 18 Detach 9 | . 3 6 Swap 2 | . 2 . Drop 34 | . 10 24 Fire 217 | 2 78 137 Melee . | . . . Ram . | . . . Kick . | . . . Crush . | . . . Escape Stasis . | . . . Rewire . | . . . Trap . | . . . Miscellaneous . | . . . Route ------- -11/Scrapyard -10/Materials (discovered 4 exits: *Mat x3 / [*Min]) -9/Materials (discovered 3 exits: [*Mat x2] / [*Min]) History --------- Turn | Location | Event 17 | -11/Scrapyard | Discovered new exit (range 16) 67 | -11/Scrapyard | Entered Materials 232 | -10/Materials | Discovered new exit (range 10) 312 | -10/Materials | Build established: Mutant 343 | -10/Materials | Lost 4 parts (1p1n2w) 530 | -10/Materials | Discovered new exit (range 10) 684 | -10/Materials | Discovered new exit (range 16) 988 | -10/Materials | Discovered new exit (range 16) 1151 | -10/Materials | Repaired Arm. Wheel 1192 | -10/Materials | Repaired Imp. Light Cannon 1231 | -10/Materials | Repaired Imp. Heat Sink 1574 | -10/Materials | Entered another Materials area 1574 | -9/Materials | Evolved 2 slots: Propulsion x1, Utility x1 2012 | -9/Materials | Discovered new exit (range 4) 2272 | -9/Materials | Discovered new exit (range 15) 2512 | -9/Materials | Repaired Arm. Wheel 2554 | -9/Materials | Repaired Imp. Light Cannon 2774 | -9/Materials | First assault squad dispatched 3279 | -9/Materials | Core integrity fell below 50% 3464 | -9/Materials | Discovered new exit (range 16) 3649 | -9/Materials | Core integrity fell below 20% 3678 | -9/Materials | Destroyed by L-31 Rogue with Katana Last Messages --------------- Acquired Arm. Wheel. Dropped Mni. Grenade Launcher. K-01 Serf collects debris. Acquired Flak Cannon. K-01 Serf cleans the Fusion Modulator. Flak Cannon destroyed. K-01 Serf cleans the Fusion Modulator. C-30 ARC bursts open, deploying its payload. G-47 Trooper unfolds itself. L-31 Rogue unfolds itself. G-34 Mercenary unfolds itself. Y-45 Defender destroyed. K-01 Serf cleans the Fusion Modulator. G-34 Mercenary destroyed. K-01 Serf cleans the Fusion Modulator. U-05 Engineer builds a Wall. C-30 ARC bursts open, deploying its payload. G-47 Trooper unfolds itself. Assault Cannon destroyed. Arm. Wheel destroyed. Map ----- +----------------------------------------------------+ | ???????## [ #??????# "#???????????????? | | ????????# ###"#####??????# !"#???????????????? | | ????????### ########## %< ""#???????????????? | | ??????????# # # |"#???????????????? | | ?????????## # "#???????????????? | | ?????????## # # """#???????????????? | | ?????????## ## ### ## ####???????????????? | | ??????????## ### #?# ######?????????????? | | ??????????## ### #?# #?????????????? | | ??????????## ### #?# #?????????????? | | ??????????## #?# #?# #?????????????? | | ???????????# #?#+####+####### ###########???? | | ???????????# #?#^ !# # #???? | | ??????#????# #?# """ "" # # """ """ #???? | | ????### ##?# #?# """ """ # # """ """ #???? | | ????# # #?# """ ^ ^S" # # """ """ #???? | | ????# # #?# u # # #???? | | ????# [[ + #?#########u#### # [ #???? | | ????# [[ # #????????##g#??# + ] #???? | | ????# [ # #?????#####]#??# # #???? | | ????# ?# #?????#===%%#### ###########???? | | ????######?# #?????#== gg #????????????? | | ???????????# #?????#!!i g #????????????? | | ???????????# #?????#!! #????????????? | | ???????????# #?????#] """ #????????????? | | ???? Y"## #?????# @l ! """ #????????????? | | ???? ""## #??######## """ #????????????? | | ???? ## #### ###### #????????????? | | ????###+### # ## #????????????? | | ???? # ## #????????????? | | ???? # # m""" #????????????? | | ???? # # """ %############### | | ????####### # + [ * ! = | | ????#?????####### !! # % ############### | | ????#???????????# !] #= % #########?????? | | ????#???????????# # ! # #?????? | | ????#???????????# # %%/ #?????? | | ????#???????????# # # =#?????? | | ????#???????????# # %###+#####?????? | | ????#???????????######### #?????????? | | ????#????????????# T + !! ########### | | ?????????????????# # !! !] ]] | | ?????????????????# """# = =] !/ | | ?????????????????# """# ] = | | ?????????????????# """################+######### | | ?????????????????# #?????????# ! ##?? | | ?????????????????########?????????# #??? | | ??????????????????????????????????# """ """ #??? | | ??????????????????????????????????# """ """ #??? | | ??????????????????????????????????# """ """ !#??? | +----------------------------------------------------+ Best States ------------- Heat Dissipation 39 Energy Generation 14 Energy Capacity 265 Matter Stores 500 Matter Capacity 500 Sight Range 16 Terrain Scan Density 10 Evasion (%) 42 Item Schematics ----------------- Arm. Wheel | -9/Materials | Scanalyzed Imp. Heat Sink | -9/Materials | Scanalyzed Imp. Light Cannon | -9/Materials | Scanalyzed Mni. Grenade Launcher | -9/Materials | Scanalyzed Robot Schematics ------------------ None Fabricated ------------ Nothing Alien Tech Used ----------------- None Achievements -------------- None Challenges ------------ None Game ------ Seed GrenadeMyomerBooster Manual? 0 Play Time 01:08:39 Cumulative 31.3 hours Start 2020.12.29 @ 21:59:14 End 2020.12.30 @ 22:56:00 Sessions 3 Manual Loads 0 Difficulty Rogue Special Mode None Game No. 39 Rogue 39 Adventurer 0 Explorer 0 Win Type - Total 0 Types 0/0/0/0/0/0/0/0/0 Lore% 12 Gallery% 17 Achievement% 15 Wizard Run 0 Options --------- ASCII 0 Keyboard 0 Movement Mouse Keybinds 0 Fullscreen 1 Font 18/SmallcapsGlow Map View 76x50 Tactical HUD 0 Map Filters NONE Filters NONE Steam 1 RUN: 576450b9-0885-4b0e-9e6b-8796cf6a4038